 Dungeon Crawl Stone Soup version 0.21-a0-338-g36cf2fc (webtiles) character file.

1066 Coron the Covered (level 8, -1/74 HPs)
             Began as a Deep Dwarf Hunter on Oct 4, 2017.
             Was an Initiate of Makhleb.
             Slain by an orc warrior
             ... wielding a +0 scimitar
              (8 damage)
             ... on level 6 of the Dungeon.
             The game lasted 00:16:19 (4632 turns).

Coron the Covered (Deep Dwarf Hunter)               Turns: 4632, Time: 00:16:19

Health: -1/74      AC:  6    Str: 22    XL:     8   Next: 7%
Magic:  7/7        EV: 12    Int:  9    God:    Makhleb [......]
Gold:   204        SH:  4    Dex: 25    Spells: 7/7 levels left

rFire    . . .     SeeInvis .   I - +9 trident of Quantum Leap {flame, *Corrode Str+3 Dex+8}
rCold    + . .     Gourm    .   (no shield)
rNeg     . . .     Faith    .   y - +0 ring mail {rPois}
rPois    +         Spirit   .   k - +0 helmet
rElec    .         Reflect  +   (no cloak)
rCorr    .         Harm     .   (no gloves)
MR       +....                  e - +0 pair of boots
Stlth    ++........             D - +4 amulet of reflection
HPRegen  0.00/turn              x - ring of protection from cold
MPRegen  0.10/turn              m - +4 ring of dexterity

@: non-regenerating
A: damage resistance, heal wounds, deformed body, dopey 1, sense surroundings 1,
no potion heal 1, no regeneration
a: Heal Wounds, Renounce Religion


You were on level 6 of the Dungeon.
You worshipped Makhleb.
Makhleb was noncommittal.
You were not hungry.

You visited 2 branches of the dungeon, and saw 7 of its levels.

You collected 204 gold pieces.

Inventory:

Hand Weapons
 a - a +0 short sword
 p - a +0 spear
 z - a +0 mace
 I - the +9 trident of Quantum Leap (weapon) {flame, *Corrode Str+3 Dex+8}
   (You found it on level 5 of the Dungeon)

   It has been specially enchanted to burn those struck by it, causing extra
   injury to most foes and up to half again as much damage against particularly
   susceptible opponents.
   It affects your strength (+3).
   It affects your dexterity (+8).
   It may corrode you when you take damage.
Missiles
 c - 4 javelins (quivered)
 d - a throwing net
Armour
 b - a +0 leather armour
 e - a +0 pair of boots (worn)
 j - a +0 chain mail
 k - a +0 helmet (worn)
 y - a +0 ring mail of poison resistance (worn)
 C - a +0 scale mail
Jewellery
 i - an uncursed ring of resist corrosion
 m - a +4 ring of dexterity (right hand)
 x - a ring of protection from cold (left hand)
 A - an uncursed ring of stealth
 D - a +4 amulet of reflection (around neck)
Wands
 G - a wand of iceblast (8/15)
Scrolls
 g - a scroll of blinking
 h - 3 scrolls of amnesia
 q - a scroll of enchant weapon {unknown}
 r - 3 scrolls of remove curse
 s - a scroll of magic mapping {unknown}
 t - a scroll of brand weapon {unknown}
 u - a scroll of enchant armour {unknown}
 w - a scroll of fog {unknown}
 F - a scroll of fear {unknown}
 H - a scroll of immolation
 K - a scroll of teleportation {unknown}
Potions
 l - a potion of resistance
 n - 2 potions of curing
 v - a potion of agility
 J - a potion of mutation {unknown}
Comestibles
 f - 7 bread rations
 o - 2 fruits
 B - a royal jelly
 E - a meat ration


   Skills:
 - Level 5.0 Fighting
 - Level 4.0 Maces & Flails
 - Level 4.0 Throwing
 + Level 6.7 Armour
 - Level 2.1 Dodging
 - Level 1.2 Stealth


You had 7 spell levels left.
You didn't know any spells.

Dungeon Overview and Level Annotations

Branches:
Dungeon (6/15)             Temple (1/1) D:5

Altars:
Ashenzari
Cheibriados
Dithmenos
Elyvilon
Fedhas
Gozag
Hepliaklqana
Kikubaaqudgha
Makhleb
Nemelex Xobeh
Qazlal
Sif Muna
Trog
Uskayaw
Vehumet
Xom
Yredelemnul
Zin
The Shining One

Annotations:
D:4 exclusion: statue


Innate Abilities, Weirdness & Mutations

You are resistant to damage.
You can heal yourself by infusing magical energy.
You passively map a small area around you.
You do not regenerate.
Armour fits poorly on your strangely shaped body.
You are dopey. (Int -2)
Potions are less effective at restoring your health.


Message History

The orc warrior is heavily wounded.
The orc shouts!
You hit the orc warrior but do no damage.
The orc warrior is heavily wounded.
You block the orc warrior's attack.
You barely miss the orc warrior.
The orc warrior is heavily wounded.
The orc warrior hits you with a scimitar.
The orc warrior completely misses you.
You hit the orc warrior. You burn the orc warrior.
The orc warrior is heavily wounded.
The orc warrior hits you with a scimitar!!
* * * LOW HITPOINT WARNING * * *
You hit the orc warrior but do no damage.
The orc warrior is heavily wounded.
The orc warrior hits you with a scimitar.
You puncture the orc warrior! You burn the orc warrior.
The orc warrior is almost dead.
The orc warrior hits you with a scimitar!
You die...

..............#..# *, * *
...#.###......#..# .., ,
...#.#.#.#+#..#..# ..####
...+..........#..# ..#.. ,,
...#.#...#.##.#..#####.#.## *
####.#.#.#.#.........#.#.. #
#.#..<#.#...oo....#..# *.# #
#.#.#.#.#.###o###.#..# #.#
####.........# #@# #....###.#
...........#.###+###.....##.#
* *
#######....#.###_+...###.##.#
# #......###+###.# #..#.#* **
# #......# #.# #.# ##.#.# , *
# ###....###.###.# #...# , #
#............# ##..##### #
#.....###...## #.......
#.....# ##### #..#####


You could see an orc warrior, an orc wizard and an orc.

Vanquished Creatures
  A hungry ghost (D:5)
  A sky beast (D:6)
  An ice beast (D:5)
  The ghost of andrewomccaskill the Cudgeler, an amateur MiGl (D:3)
  A phantom (D:6)
  An ogre (D:5)
  A scorpion (D:5)
  2 crimson imps
  A jelly (D:5)
  A centaur skeleton (D:4)
  A quasit (D:5)
  An iguana (D:4)
  An orc wizard (D:5)
  2 worker ants (D:4)
  4 gnolls (D:5)
  5 adders
  An adder skeleton (D:6)
  An adder zombie (D:3)
  A worm (D:4)
  A dart slug (D:1)
  7 leopard geckos
  6 orcs
  3 ball pythons (D:3)
  4 bats
  4 giant cockroaches
  10 goblins
  4 hobgoblins
  6 jackals (D:1)
  10 kobolds
  2 quokkas
  6 frilled lizards
  A leopard gecko skeleton (D:4)
  6 rats
98 creatures vanquished.

Notes
Turn   | Place    | Note
-------+----------+-------------------------------------------
     0 | D:1      | Coron the Deep Dwarf Hunter began the quest for the Orb.
     0 | D:1      | Reached XP level 1. HP: 19/19 MP: 1/1
   126 | D:1      | Reached XP level 2. HP: 19/26 MP: 2/2
   529 | D:1      | Reached skill level 1 in Armour
   583 | D:1      | Reached XP level 3. HP: 10/33 MP: 3/3
  1269 | D:2      | Reached skill level 2 in Armour
  1927 | D:3      | Noticed andrewomccaskill's ghost (amateur MiGl)
  1971 | D:3      | Killed andrewomccaskill's ghost
  1971 | D:3      | Reached skill level 4 in Armour
  1971 | D:3      | Reached XP level 4. HP: 14/40 MP: 4/4
  1971 | D:3      | Reached XP level 5. HP: 16/46 MP: 5/5
  2076 | D:3      | Found a white marble altar of Elyvilon.
  2176 | D:3      | Found a basalt altar of Yredelemnul.
  2221 | D:3      | Found a sparkling altar of Nemelex Xobeh.
  2664 | D:4      | Found a blossoming altar of Fedhas.
  2665 | D:4      | Found a stormy altar of Qazlal.
  2723 | D:4      | Reached skill level 5 in Armour
  2928 | D:4      | Reached XP level 6. HP: 26/56 MP: 6/6
  3156 | D:4      | Found a radiant altar of Vehumet.
  3233 | D:5      | Entered Level 5 of the Dungeon
  3246 | D:5      | Noticed a hungry ghost
  3266 | D:5      | Killed a hungry ghost
  3356 | D:5      | Reached skill level 5 in Fighting
  3407 | D:5      | Reached skill level 1 in Maces & Flails
  3407 | D:5      | Reached XP level 7. HP: 11/67 MP: 6/6
  3500 | D:5      | Found a glowing golden altar of the Shining One.
  3519 | D:5      | HP: 3/67 [crimson imp (3)]
  3589 | D:5      | Found a snail-covered altar of Cheibriados.
  3589 | D:5      | Found a hide-covered altar of Uskayaw.
  3664 | D:5      | Found a staircase to the Ecumenical Temple.
  3698 | Temple   | Entered the Ecumenical Temple
  3756 | Temple   | Became a worshipper of Makhleb the Destroyer
  3913 | D:5      | Got a crude trident
  3914 | D:5      | Identified the +9 trident of Quantum Leap {flame, *Corrode Str+3 Dex+8} (You found it on level 5 of the Dungeon)
  4032 | D:5      | Found a white marble altar of Elyvilon.
  4331 | D:6      | Reached skill level 6 in Armour
  4331 | D:6      | Reached XP level 8. HP: 12/74 MP: 7/7
  4334 | D:6      | Gained mutation: You are clumsy. (Dex -2) [mutagenic meat]
  4335 | D:6      | Gained mutation: Potions are less effective at restoring your health. [mutagenic meat]
  4337 | D:6      | Gained mutation: You are dopey. (Int -2) [mutagenic meat]
  4338 | D:6      | Gained mutation: Armour fits poorly on your strangely shaped body. [mutagenic meat]
  4339 | D:6      | Lost mutation: You are clumsy. (Dex -2) [mutagenic meat]
  4442 | D:6      | Found an opulent altar of Gozag.
  4632 | D:6      | Slain by an orc warrior

Vault maps used:
D:1:      dpeg_arrival_court
D:2:      first_bread
D:3:      kennysheep_ying_yang, nemelex_xobeh_ov_fountains_minmay,
          kennysheep_generic_room_11
D:4:      grunt_temple_overflow_forces_of_nature, vehumet_statue,
          dk_noncrumbling_4
D:5:      gammafunk_temple_overflow_forgotten, minmay_temple_entry_glassed_door,
          grunt_ministairs_10, elyvilon_altar_5
D:6:      lemuel_doored_altar
Temple:   jpeg_temple_island

Skill      XL: |  1  2  3  4  5  6  7 |
---------------+----------------------+-----
Fighting       | 2 3 5 |  5.0
Throwing       | 4 |  4.0
Armour         | 1 4 5 6 |  6.7
Maces & Flails | 1 4 |  4.0
Dodging        | |  2.1
Stealth        | |  1.2

Action                   |  1- 3 |  4- 6 |  7- 9 || total
-------------------------+-------+-------+-------++-------
Melee: Short sword       |   100 |       |       ||   100
       Spear             |    75 |    25 |       ||   100
       Mace              |       |   157 |    60 ||   217
       Trident           |       |       |    38 ||    38
Throw: Javelin           |     7 |    16 |     7 ||    30
       Throwing net      |     2 |     1 |       ||     3
 Abil: Heal Wounds       |     3 |     3 |     3 ||     9
  Use: Scroll            |     4 |     2 |     3 ||     9
 Stab: Sleeping          |     2 |     2 |     4 ||     8
       Distracted        |     1 |       |       ||     1
       Held in net/web   |       |     1 |       ||     1
  Eat: Chunk             |     3 |     5 |    10 ||    18
       Meat ration       |       |     1 |       ||     1
Armor: Leather armour    |    54 |       |       ||    54
       Ring mail         |     4 |   102 |    28 ||   134
Dodge: Dodged            |    97 |   161 |    41 ||   299
Block: Other             |       |    40 |    15 ||    55

Table legend:
 A = Spawn XP
 B = Non-spawn XP
 C = Spawn XP percentage of total XP
 D = Spawn monster count
 E = Non-spawn monster count
 F = Spawn count percentage of total count
 G = Total turns spent on level
                    A         B        C        D         E        F      G
               +---------+---------+-------+---------+---------+-------+---------
         Total |       0 |    1524 |   0.0 |       0 |      98 |   0.0 |  4632
               +---------+---------+-------+---------+---------+-------+---------
           D:1 |       0 |      57 |   0.0 |       0 |      31 |   0.0 |  1074
           D:2 |       0 |      35 |   0.0 |       0 |       9 |   0.0 |   835
           D:3 |       0 |     153 |   0.0 |       0 |      17 |   0.0 |   755
           D:4 |       0 |     179 |   0.0 |       0 |      13 |   0.0 |   569
           D:5 |       0 |     764 |   0.0 |       0 |      20 |   0.0 |   775
           D:6 |       0 |     336 |   0.0 |       0 |       8 |   0.0 |   432
               +---------+---------+-------+---------+---------+-------+---------
